 Dungeon Crawl Stone Soup version 0.24.0-13-gcf9b3192b9 (webtiles) character file.

Game seed: 10439762565257712624, levelgen mode: deterministic

96884 Linguinho the Grappler (level 15, -18/160 HPs)
             Began as a Troll Fighter on Nov 9, 2019.
             Was the Champion of the Shining One.
             Demolished by a stone giant (19 damage)
             ... while paralysed by a vampire knight
             ... on level 1 of the Depths.
             The game lasted 00:46:22 (22216 turns).

Linguinho the Grappler (Troll Fighter)             Turns: 22216, Time: 00:46:22

Health: -18/160    AC: 24    Str: 28    XL:     15   Next: 70%
Magic:  19/19      EV:  1    Int:  4    God:    the Shining One [******]
Gold:   2131       SH:  0    Dex: 14    Spells: 14/14 levels left

rFire    + + +     SeeInvis .     - Unarmed
rCold    + . .     Gourm    +   t - +3 large shield {rC+ rF+}
rNeg     + + +     Faith    .   w - +5 fire dragon scales
rPois    +         Spirit   .   W - +0 hat
rElec    .         Reflect  .   z - +0 cloak {rPois}
rCorr    .         Harm     .   (gloves unavailable)
MR       +....                  (boots unavailable)
Stlth    ..........             e - amulet of the acrobat
HPRegen  0.76/turn              l - ring of protection from cold
MPRegen  0.16/turn              A - ring of protection from fire

@: paralysed, glowing
A: large, unfitting armour, antennae 1, claws 3, rugged brown scales 1, fast
metabolism 3, gourmand, regeneration 1, shaggy fur 2, tough skin 3
a: Divine Shield, Cleansing Flame, Summon Divine Warrior, Brand Weapon With Holy
Wrath, Renounce Religion


You were on level 1 of the Depths.
You worshipped the Shining One.
The Shining One was exalted by your worship.
You were completely stuffed.

You visited 6 branches of the dungeon, and saw 26 of its levels.
You also visited: Sewer, Ossuary and Volcano.

You collected 2817 gold pieces.
You spent 686 gold pieces at shops.

Inventory:

Hand Weapons
 U - a -2 fustibalus
Missiles
 b - 11 boomerangs (quivered)
 D - 4 boomerangs of dispersal
 M - 33 large rocks
 O - 5 silver boomerangs
Armour
 t - a +3 large shield of resistance (worn)
 w - +5 fire dragon scales (worn)
 z - a +0 cloak of poison resistance (worn)
 P - a scarf of cloud immunity
 W - a +0 hat (worn)
Jewellery
 a - an uncursed ring of see invisible
 e - an amulet of the acrobat (around neck)
 k - an uncursed ring of magical power {unknown}
 l - a ring of protection from cold (left claw)
 A - a ring of protection from fire (right claw)
 C - an uncursed ring of protection from cold
 J - an uncursed ring of ice
 K - an uncursed ring of ice
Scrolls
 h - 2 scrolls of immolation {unknown}
 o - 13 scrolls of remove curse
 p - 3 scrolls of fear {unknown}
 s - 13 scrolls of teleportation
 u - 4 scrolls of magic mapping
 v - 5 scrolls of fog
 x - a scroll of vulnerability {unknown}
 y - 6 scrolls of enchant weapon
 H - a scroll of summoning {unknown}
 I - a scroll of identify
 L - a scroll of silence {unknown}
 Q - a scroll of torment {unknown}
 R - a scroll of noise {unknown}
 S - 2 scrolls of acquirement {unknown}
 Z - 2 scrolls of blinking {unknown}
Potions
 c - 4 potions of might
 f - 4 potions of lignification
 g - 12 potions of curing
 i - 9 potions of haste
 j - 9 potions of heal wounds
 m - 2 potions of resistance
 n - a potion of flight {unknown}
 r - 2 potions of agility
 B - 2 potions of invisibility {unknown}
 E - 2 potions of ambrosia {unknown}
 F - 5 potions of cancellation
 G - 4 potions of berserk rage
 X - a potion of brilliance {unknown}
 Y - a potion of experience {unknown}
Comestibles
 d - 48 rations
 q - 3 chunks of flesh


   Skills:
 - Level 12.0 Fighting
 - Level 12.0 Throwing
 + Level 10.7 Armour
 - Level 2.4 Dodging
 + Level 9.0 Shields
 - Level 12.0 Unarmed Combat
 * Level 7.4 Invocations


You had 14 spell levels left.
You didn't know any spells.
Your spell library contained the following spells:

 Spells                   Type           Power        Failure   Level  Hunger
 Animate Skeleton         Necr           N/A          99%         1    ##.....
 Apportation              Tloc           #.....       99%         1    ##.....
 Confusing Touch          Hex            #.....       99%         1    ##.....
 Magic Dart               Conj           #...         99%         1    ##.....
 Summon Small Mammal      Summ           #...         99%         1    ##.....
 Blink                    Tloc           N/A          100%        2    ###....
 Call Imp                 Summ           #.......     100%        2    ###....
 Ensorcelled Hibernation  Hex/Ice        #.....       100%        2    ###....
 Slow                     Hex            #.......     100%        2    ###....
 Call Canine Familiar     Summ           #.......     100%        3    ####...
 Confuse                  Hex            #.......     100%        3    ####...
 Conjure Flame            Conj/Fire      #.......     100%        3    ####...
 Gell's Gravitas          Tloc           #.........   100%        3    ####...
 Mephitic Cloud           Conj/Pois/Air  #.......     100%        3    ####...
 Summon Guardian Golem    Hex/Summ       #.......     100%        3    ####...
 Petrify                  Tmut/Erth      #.......     100%        4    #####..
 Summon Ice Beast         Ice/Summ       #.......     100%        4    #####..
 Summon Lightning Spire   Summ/Air       #.......     100%        4    #####..
 Borgnjor's Vile Clutch   Necr/Erth      #.........   100%        5    ######.
 Metabolic Englaciation   Hex/Ice        #.........   100%        5    ######.
 Silence                  Hex/Air        #.........   100%        5    ######.
 Yara's Violent Unravell  Hex/Tmut       #.........   100%        5    ######.
 Darkness                 Hex            #.........   100%        6    #######
 Shadow Creatures         Summ           N/A          100%        6    #######


Dungeon Overview and Level Annotations

Branches:
Dungeon (15/15)            Temple (1/1) D:6            Lair (6/6) D:10
 Shoals (1/4) Lair:4       Spider (0/4) Lair:4        Slime (0/5) Lair:5
    Orc (2/2) D:9             Elf (0/3) Orc:2        Vaults (0/5) D:14
 Depths (1/5) D:15          Sewer (visited)         Ossuary (visited)
Volcano (visited)

Altars:
Ashenzari
Cheibriados
Dithmenos
Elyvilon
Fedhas
Gozag
Hepliaklqana
Kikubaaqudgha
Makhleb
Nemelex Xobeh
Okawaru
Qazlal
Ru
Sif Muna
Trog
Uskayaw
Vehumet
Wu Jian
Xom
Yredelemnul
Zin
The Shining One
Beogh

Shops:
D:13 }   Orc:1 %   Orc:2 *:%[%([:*

Annotations:
D:13 2 transporters, Sefoz's ghost, journeyman SpEn


Innate Abilities, Weirdness & Mutations

You are too large for most types of armour.
You have claws for hands.
Your metabolism is lightning-fast.
You like to eat raw meat.
Your natural rate of healing is unusually fast.
You are covered in thick fur. (AC +2)
You have extremely tough skin. (AC +3)
You have a pair of small antennae on your head.
You are partially covered in rugged brown scales. (AC +1, +3% HP)


Message History

The vampire knight bites you but does no damage.
The stone giant hits you!
The vampire knight hits you but does no damage.
The vampire knight bites you but does no damage.
The stone giant hits you but does no damage.
The vampire knight hits you with a +4 long sword!!
The vampire knight bites you but does no damage.
The stone giant hits you.
The vampire knight hits you with a +4 long sword!
The vampire knight bites you but does no damage.
The vampire knight hits you with a +4 long sword.
The vampire knight bites you but does no damage.
The stone giant hits you!!
* * * LOW HITPOINT WARNING * * *
The vampire knight hits you with a +4 long sword!!
* * * LOW HITPOINT WARNING * * *
The vampire knight bites you but does no damage.
A vampire mage comes into view.
The stone giant hits you!!
You die...

....# #....# .
...... ..
#.....#
...#####......V
..............#
#......V.....#
#.>@C.....#
#..........
###.......#
........#
........#
≈≈........
≈≈.......#
...#.####.#


You could see a stone giant, a vampire knight and a vampire mage (wandering).

Vanquished Creatures
  Saint Roka (Orc:2)
  Rupert (D:11)
  Gastronok (Lair:3)
  Kirke (Lair:4)
  2 orc warlords (Orc:2)
  2 stone giants
  Snorg (Orc:1)
  An ettin (D:14)
  A fire dragon (Lair:6)
  The ghost of Rysukh the Devastator, a journeyman DEFE of Vehumet (Lair:4)
  A merfolk impaler (Shoals:1)
  A yaktaur captain (D:15)
  6 hydras
  Fannar (D:12)
  An ice dragon (D:14)
  3 centaur warriors
  3 death yaks (Lair:5)
  5 two-headed ogres
  A deep troll earth mage (Depths:1)
  2 orc high priests (Orc:2)
  A tengu warrior (D:14)
  Sonja (Orc:2)
  The ghost of dvd2 the Magician, a novice GnSk of Ashenzari (D:7)
  An unseen horror (D:11)
  A sea snake (Shoals:1)
  A deep troll (D:14)
  Pikel (D:4)
  3 oklob plants (Lair:5)
  9 orc knights
  3 deep elf magi
  A lindwurm (Lair:6)
  12 elephants
  2 fauns (Shoals:1)
  An orc sorcerer (Orc:2)
  An ugly thing (D:13)
  4 cyclopes
  3 manticores
  5 centaur zombies
  7 black mambas
  A merfolk siren (Shoals:1)
  A black mamba (shapeshifter) (D:14)
  3 molten gargoyles (Lair:6)
  10 spiny frogs
  4 torpor snails (Lair:2)
  5 komodo dragons
  A rime drake (Lair:5)
  A yaktaur (D:15)
  3 gargoyles
  An efreet (Volcano)
  2 merfolk
  3 meliai (Lair:6)
  2 queen bees
  8 trolls
  3 polar bears
  A snapping turtle (Shoals:1)
  Grinder (D:4)
  9 blink frogs
  2 hornets
  7 slime creatures
  3 hippogriffs
  7 dream sheep (Lair:6)
  11 wyverns
  2 wraiths
  A redback (Lair:4)
  2 basilisks
  A vampire (D:11)
  Eustachio (D:4)
  22 yaks
  2 fire elementals (Volcano)
  A steam dragon (Lair:3)
  A basilisk (shapeshifter) (D:13)
  5 vampire mosquitoes
  A hungry ghost (D:14)
  5 wargs
  2 soldier ants (D:13)
  An acid dragon (D:15)
  9 porcupines
  7 water moccasins
  4 hell hounds (Lair:6)
  The ghost of Katsumi the Transmogrifier, an amateur FeTm (D:6)
  39 orc warriors
  An ice beast (D:5)
  A slave (D:4)
  5 black bears
  3 sky beasts (D:10)
  12 ogres
  2 phantoms
  7 centaurs
  6 wolves (Lair:5)
  3 boggarts (D:14)
  17 crocodiles
  2 big kobolds (Sewer)
  14 bullfrogs
  2 earth elementals (Volcano)
  A wyvern skeleton (D:9)
  7 scorpions
  36 killer bees
  4 howler monkeys
  5 wights (D:7)
  2 electric eels
  6 crimson imps
  A bullfrog zombie (D:7)
  5 lava snakes (Lair:6)
  4 jellies
  9 orc priests
  4 hounds
  18 orc wizards
  4 centaur skeletons
  A bullfrog skeleton (D:11)
  A gnoll shaman (D:8)
  Ijyb (D:4)
  11 worker ants
  3 iguanas
  A big kobold zombie (Ossuary)
  2 hound zombies (D:5)
  A hound skeleton (D:7)
  9 mummies
  A howler monkey zombie (D:11)
  Robin (D:2)
  6 gnolls
  10 adders
  3 shadow imps
  2 oozes (D:2)
  2 adder skeletons
  2 adder zombies
  3 worms
  A dart slug (D:2)
  A leopard gecko (D:9)
  102 orcs
  12 bats
  9 giant cockroaches
  16 goblins
  11 hobgoblins
  7 jackals
  5 quokkas
  7 ball pythons
  11 frilled lizards
  3 hobgoblin zombies
  A jackal skeleton (D:7)
  16 kobolds
  A kobold zombie (D:6)
  A leopard gecko skeleton (D:4)
  A leopard gecko zombie (D:5)
  5 orc zombies (Ossuary)
  A quokka zombie (D:5)
  11 rats
  A plant (D:13)
754 creatures vanquished.

Vanquished Creatures (others)
  A faun (Shoals:1)
  2 humans (Shoals:1)
  18 fungi
  8 plants
29 creatures vanquished.

Grand Total: 783 creatures vanquished

Notes
Turn   | Place    | Note
-------+----------+-------------------------------------------
     0 | D:1      | Linguinho the Troll Fighter began the quest for the Orb.
     0 | D:1      | Reached XP level 1. HP: 22/22 MP: 0/0
   142 | D:1      | Reached XP level 2. HP: 29/29 MP: 1/1
   636 | D:2      | Noticed Robin
   642 | D:2      | Reached XP level 3. HP: 28/36 MP: 2/2
   715 | D:2      | Killed Robin
   778 | D:2      | Reached XP level 4. HP: 44/44 MP: 3/3
   912 | D:2      | Found an ancient bone altar of Kikubaaqudgha.
  1030 | D:2      | Found a snail-covered altar of Cheibriados.
  1141 | D:2      | Reached XP level 5. HP: 52/53 MP: 4/4
  1209 | D:2      | Found a faded altar of an unknown god.
  1371 | D:3      | Found a stormy altar of Qazlal.
  1906 | D:4      | Noticed Grinder
  1907 | D:4      | Paralysed by Grinder for 4 turns
  1920 | D:4      | Killed Grinder
  1920 | D:4      | Reached XP level 6. HP: 47/61 MP: 5/5
  1953 | D:4      | Noticed Eustachio
  1969 | D:4      | Killed Eustachio
  1969 | D:4      | Reached skill level 5 in Unarmed Combat
  1969 | D:4      | Reached XP level 7. HP: 43/68 MP: 6/6
  2097 | D:4      | Found a glowing drain.
  2109 | Sewer    | Entered a sewer
  2258 | Sewer    | Reached skill level 5 in Shields
  2469 | D:4      | Noticed Pikel
  2506 | D:4      | Killed Pikel
  2506 | D:4      | Reached XP level 8. HP: 68/79 MP: 7/7
  2546 | D:4      | Noticed Ijyb
  2554 | D:4      | Killed Ijyb
  2566 | D:4      | Noticed a +0 dagger
  2567 | D:4      | Noticed a +0 dagger
  2568 | D:4      | Found a hide-covered altar of Uskayaw.
  3037 | D:5      | Entered Level 5 of the Dungeon
  3380 | D:5      | Reached skill level 5 in Fighting
  3380 | D:5      | Reached XP level 9. HP: 88/88 MP: 8/8
  3695 | D:6      | Found a sand-covered staircase.
  3701 | Ossuary  | Entered an ossuary
  3902 | D:6      | Found a staircase to the Ecumenical Temple.
  3942 | Temple   | Entered the Ecumenical Temple
  4155 | D:6      | You fall into a shaft and drop 3 floors!
  4241 | D:9      | Found a staircase to the Orcish Mines.
  4548 | D:9      | Found an ornate altar of the Wu Jian Council.
  4548 | D:9      | Found a shattered altar of Ashenzari.
  4549 | D:9      | Found a glowing golden altar of the Shining One.
  4565 | D:9      | Became a worshipper of the Shining One
  5084 | D:8      | Gained mutation: Your muscles are strong. (Str +2) [potion
                  | of mutation]
  5084 | D:8      | Gained mutation: You are somewhat resistant to further
                  | mutation. [potion of mutation]
  5085 | D:8      | Lost mutation: Your muscles are strong. (Str +2) [potion of
                  | mutation]
  5085 | D:8      | Lost mutation: You are somewhat resistant to further
                  | mutation. [potion of mutation]
  5085 | D:8      | Gained mutation: You are dopey. (Int -2) [potion of
                  | mutation]
  5085 | D:8      | Gained mutation: Your flesh is cold resistant. (rC+)
                  | [potion of mutation]
  5085 | D:8      | Gained mutation: You have a pair of small antennae on your
                  | head. [potion of mutation]
  5085 | D:8      | Gained mutation: You are agile. (Dex +2) [potion of
                  | mutation]
  5195 | D:8      | Reached XP level 10. HP: 98/98 MP: 9/9
  5474 | D:7      | You fall into a shaft and drop 3 floors!
  5474 | D:10     | Entered Level 10 of the Dungeon
  5500 | D:10     | Reached * piety under the Shining One
  5503 | D:10     | Found a staircase to the Lair.
  5748 | D:10     | Reached skill level 10 in Unarmed Combat
  5963 | D:10     | Found a sparkling altar of Nemelex Xobeh.
  6123 | D:10     | Noticed a centaur warrior
  6164 | D:10     | Killed a centaur warrior
  6562 | D:7      | Reached ** piety under the Shining One
  6567 | D:7      | Reached XP level 11. HP: 109/109 MP: 10/10
  6726 | D:7      | Noticed dvd2's ghost (novice GnSk)
  6747 | D:7      | Found a transporter.
  6751 | D:7      | Found a transporter.
  7085 | D:6      | Found a runed translucent gate.
  7085 | D:6      | Found a runed translucent gate.
  7087 | D:6      | Found a runed translucent gate.
  7088 | D:6      | Noticed Katsumi's ghost (amateur FeTm)
  7091 | D:6      | Found a roughly hewn altar of Beogh.
  7357 | D:6      | Killed Katsumi's ghost
  7469 | D:7      | Killed dvd2's ghost
  7664 | D:11     | Reached *** piety under the Shining One
  7720 | D:11     | Noticed an eight-headed hydra
  7751 | D:11     | Noticed an unseen horror
  7783 | D:11     | Killed an unseen horror
  7783 | D:11     | Reached skill level 1 in Throwing
  7861 | Orc:1    | Entered Level 1 of the Orcish Mines
  7873 | Orc:1    | Reached skill level 1 in Armour
  8287 | Orc:2    | Entered Level 2 of the Orcish Mines
  8287 | Orc:2    | Found Nakiu's Food Boutique.
  8287 | Orc:2    | Noticed an orc knight
  8318 | Orc:1    | Killed an orc knight
  8400 | Orc:2    | Noticed an orc high priest
  8405 | Orc:2    | Noticed a sixfirhy
  8499 | Orc:2    | Found Loshraid's Book Boutique.
  8505 | Orc:2    | Killed an orc high priest
  8506 | Orc:2    | Found a staircase to the Elven Halls.
  8509 | Orc:2    | Found Enoef's Antique Armour Boutique.
  8557 | Orc:2    | Noticed an orc knight
  8573 | Orc:2    | Killed an orc knight
  8575 | Orc:2    | Reached skill level 5 in Throwing
  8584 | Orc:2    | Found Ramaphis's Antique Weapon Emporium.
  8604 | Orc:2    | Noticed an orc high priest
  8605 | Orc:2    | Noticed an orc knight
  8606 | Orc:2    | Noticed a soul eater
  8665 | Orc:1    | Killed an orc knight
  8665 | Orc:1    | Reached XP level 12. HP: 97/122 MP: 11/11
  8699 | Orc:2    | Noticed Sonja
  8707 | Orc:2    | Killed an orc high priest
  8808 | Orc:2    | Killed Sonja
  8856 | Orc:2    | Found Qeptozili's General Store.
  8869 | Orc:2    | Noticed Saint Roka
  8914 | Orc:1    | Reached **** piety under the Shining One
  9103 | Orc:2    | Killed Saint Roka
  9215 | Orc:2    | Noticed an orc warlord
  9217 | Orc:2    | Noticed a two-headed ogre
  9233 | Orc:2    | Killed an orc warlord
  9238 | Orc:2    | Killed a two-headed ogre
  9310 | Orc:2    | Reached skill level 5 in Armour
  9470 | Orc:2    | Found a roughly hewn altar of Beogh.
  9532 | Orc:2    | Found Diliul's Antique Armour Shoppe.
  9564 | Orc:2    | Noticed an orc warlord
  9565 | Orc:2    | Found Pyhin's Book Boutique.
  9584 | Orc:2    | Killed an orc warlord
  9783 | Orc:2    | Reached XP level 13. HP: 95/131 MP: 12/12
  9805 | Orc:2    | Found Memeid's Food Shop.
  9943 | Orc:2    | Found Pyllogu's Assorted Antiques.
 10103 | Orc:1    | Noticed a stone giant
 10123 | Orc:1    | Killed a stone giant
 10516 | Orc:1    | Noticed Snorg
 10526 | Orc:1    | Killed Snorg
 10771 | Lair:1   | Entered Level 1 of the Lair of Beasts
 11793 | Lair:2   | Found a snail-covered altar of Cheibriados.
 11799 | Lair:2   | Lost mutation: Your flesh is cold resistant. (rC+) [potion
                  | of mutation]
 11799 | Lair:2   | Lost mutation: You are dopey. (Int -2) [potion of mutation]
 11799 | Lair:2   | Lost mutation: You are agile. (Dex +2) [potion of mutation]
 11799 | Lair:2   | Gained mutation: You are partially covered in rugged brown
                  | scales. (AC +1, +3% HP) [potion of mutation]
 11799 | Lair:2   | Gained mutation: You are covered in thick fur. (AC +2)
                  | [potion of mutation]
 11966 | Lair:2   | Reached skill level 10 in Fighting
 12223 | Lair:3   | Reached skill level 10 in Throwing
 12671 | Lair:3   | Noticed Gastronok
 12690 | Lair:3   | Killed Gastronok
 13311 | Lair:4   | Found a dark tunnel.
 13317 | Volcano  | Entered a volcano
 13337 | Volcano  | Noticed a stone giant
 13345 | Volcano  | Killed a stone giant
 13435 | Volcano  | Reached ***** piety under the Shining One
 13602 | Lair:4   | Found a hole to the Spider Nest.
 13605 | Lair:4   | Found a staircase to the Shoals.
 13849 | Lair:4   | Reached XP level 14. HP: 148/148 MP: 13/13
 13953 | Lair:4   | Found a large runed translucent door.
 13953 | Lair:4   | Found a large runed translucent door.
 13955 | Lair:4   | Noticed Rysukh's ghost (journeyman DEFE)
 15137 | Lair:5   | Found a staircase to the Slime Pits.
 15447 | Lair:6   | Entered Level 6 of the Lair of Beasts
 15447 | Lair:6   | Found a bloodstained altar of Trog.
 16762 | Lair:6   | Found a large runed translucent door.
 17206 | Lair:6   | Found a large runed translucent door.
 17451 | Lair:6   | Got an ancient robe
 17462 | Lair:6   | Identified the +0 robe "Kunoaff" {rElec Str-4 Int+3} (You
                  | found it on level 6 of the Lair of Beasts)
 17721 | Orc:2    | Bought a glowing large shield for 210 gold pieces
 17721 | Orc:2    | Bought a runed cloak for 210 gold pieces
 17721 | Orc:2    | Bought a brightly glowing shield for 266 gold pieces
 17743 | Orc:2    | Identified the cursed +0 shield of Lotu {-Cast Int+3} (You
                  | bought it in a shop on level 2 of the Orcish Mines)
 17967 | Lair:4   | Killed Rysukh's ghost
 18068 | Shoals:1 | Entered Level 1 of the Shoals
 18068 | Shoals:1 | Noticed Kirke
 18079 | Lair:4   | Killed Kirke
 18876 | D:12     | Reached XP level 15. HP: 160/160 MP: 14/14
 19011 | D:12     | Reached skill level 1 in Invocations
 19542 | D:12     | Reached ****** piety under the Shining One
 19567 | D:12     | Noticed Rupert
 19602 | D:12     | Paralysed by Rupert for 2 turns
 19671 | D:11     | Paralysed by Rupert for 5 turns
 19684 | D:11     | Paralysed by Rupert for 5 turns
 19957 | D:11     | Killed Rupert
 19957 | D:11     | Reached skill level 10 in Armour
 20174 | D:12     | Noticed Fannar
 20183 | D:12     | Killed Fannar
 20333 | D:13     | Found Zoumahid's Gadget Shoppe.
 20368 | D:13     | Noticed Sefoz's ghost (journeyman SpEn)
 20373 | D:13     | Found a transporter.
 20558 | D:13     | Found a transporter.
 20797 | D:13     | Reached skill level 5 in Invocations
 21099 | D:14     | Found a gate to the Vaults.
 21504 | D:14     | Found a glowing golden altar of the Shining One.
 21663 | D:15     | Entered Level 15 of the Dungeon
 21824 | D:15     | Found a staircase to the Depths.
 22005 | D:15     | Found a blossoming altar of Fedhas.
 22187 | Depths:1 | Entered Level 1 of the Depths
 22209 | Depths:1 | Paralysed by a vampire knight for 7 turns
 22216 | Depths:1 | HP: 1/160 [vampire knight/+4 long sword (23)]
 22216 | Depths:1 | Demolished by a stone giant

Levels and vault maps discovered:
D:1:      dpeg_arrival_tiny_h, layout_loops_ring, st_stairs_6,
          minmay_stone_trees_small
D:2:      layout_rooms, old_standard_altar, kennysheep_slug_shrine,
          chequers_ecumenical_altar_simple_redux, uniq_robin
D:3:      layout_loops_ring, nicolae_qazlal_general_emergency
D:4:      layout_gridville, dancing_weapons_uskayaw, portal_sewer_entry_d,
          uniq_eustachio, uniq_pikel, uniq_ijyb, uniq_grinder
D:5:      layout_cave_pools, first_ration, amethyst_killhole
D:6:      layout_basic, temple_statues, nicolae_ossuary_entry_giza,
          biasface_ghost_orc_armoury
D:7:      layout_basic, gammafunk_ghost_hive, minmay_fractal_squares_diagonal_5
D:8:      layout_rooms, serial_curves, eino_curves_02, eino_curves_01,
          eino_curves_04
D:9:      layout_irregular_city, chequers_temple_overflow_statue_of_worship,
          hiddenorc2_lemuel
D:10:     minmay_clustersquares, layout_grid_maze, due_lair_maze_entry_diamond,
          serial_glass, glass_columns_a, glass_columns_a, hangedman_stone_soup,
          nemelex_diamond_rough_becter
D:11:     layout_basic
D:12:     layout_grid_maze, uniq_rupert, uniq_fannar
D:13:     layout_loops_ring, gammafunk_ghost_mausoleum, serial_shops,
          nicolae_shop_crystal, serial_bayou_pond_c
D:14:     layout_rooms, david_vaults_4, nicolae_tso_swordbearing_angel
D:15:     grunt_enter_depths_snipers, layout_rooms, fedhas_altar_1
Temple:   compressed_dpeg_circular_temple
Lair:1:   layout_misc_corridors, serial_bayou_pond_e
Lair:2:   layout_regular_city, kennysheep_snail_temple
Lair:3:   layout_regular_city, st_stairs_3, grunt_megastairs_3, uniq_gastronok
Lair:4:   layout_misc_corridors, shoals_dummy_entry, spider_nest_entry_webs,
          ebering_ghost_disaster_area, nicolae_volcano_entry_s_turn,
          serial_bayou_shore_a, serial_bayou_shore_b,
          infiniplex_staircase_pool_2
Lair:5:   layout_regular_city, dpeg_slime_entry_corner,
          infiniplex_staircase_pool, minmay_lair_oklob_chamber
Lair:6:   cheibrodos_lair_end_hotspot, layout_misc_corridors, basic_altar,
          special_room [special_room_bee]
Shoals:1: layout_shoals, serial_shops, shop_statue, st_cyclops, uniq_kirke
Orc:1:    nicolae_orc_accident_1, layout_diamond_mine, uniq_snorg
Orc:2:    grunt_orc_gardens, layout_caves, grunt_orc_garden, grunt_orc_garden,
          grunt_orc_garden, grunt_orc_garden, basic_altar, serial_shops, shop,
          shop_fountains, shop_fountains, nicolae_shop_waterfront, shop,
          guppyfry_library_mini, uniq_sonja, uniq_saint_roka
Depths:1: minmay_dotted_concentric_squares, layout_cave_pools,
          ziggurat_fallback, fountainhead, grunt_hell_entry_dis_mu, abyss_entry,
          serial_sigils_hangedman_clutch, drop_trap, kennysheep_generic_room_7

Skill      XL: |  1  2  3  4  5  6  7  8  9 10 11 12 13 14 15 |
---------------+----------------------------------------------+-----
Shields        | 3 4 5 6 8 9 |  9.0
Unarmed Combat | 3 4 5 6 7 9 11 12 | 12.0
Fighting       | 3 4 5 7 8 9 10 12 | 12.0
Throwing       | 5 8 11 12 | 12.0
Armour         | 3 5 7 9 10 | 10.7
Invocations    | 7 |  7.4
Dodging        | |  2.4

Action                   |  1- 3 |  4- 6 |  7- 9 | 10-12 | 13-15 || total
-------------------------+-------+-------+-------+-------+-------++-------
Melee: Unarmed           |   111 |   136 |   468 |   606 |  1187 ||  2508
Throw: Boomerang         |       |       |       |       |    80 ||    80
  Use: Scroll            |       |       |    12 |       |    13 ||    25
       Potion            |       |       |     2 |     3 |     3 ||     8
 Stab: Sleeping          |       |     2 |       |       |       ||     2
  Eat: Chunk             |    13 |    10 |    31 |    42 |   111 ||   207
       Ration            |       |       |       |       |     1 ||     1
Armor: Robe              |    47 |    49 |    24 |       |       ||   120
       Fire dragon scale |       |       |   132 |   206 |   451 ||   789
       Skin              |       |       |       |    28 |    21 ||    49
Dodge: Dodged            |    42 |    34 |   117 |   163 |   381 ||   737
Block: Shield            |    76 |    56 |   232 |   450 |   547 ||  1361
       Large shield      |       |       |       |       |   423 ||   423
